 Dungeon Crawl Stone Soup version 0.22-a0-348-gd16d139 (webtiles) character file.

2396 4thArraOfDagon the Firebug (level 9, -3/60 (62) HPs)
             Began as a Demigod Fire Elementalist on Apr 7, 2018.
             Slain by a hellwing (14 damage)
             ... on level 7 of the Dungeon.
             The game lasted 00:16:46 (2988 turns).

4thArraOfDagon the Firebug (DgFE)                   Turns: 2988, Time: 00:16:47

HP:   -3/60 (62)    AC:  4    Str: 11    XL:     9   Next: 2%
MP:   2/20          EV: 12    Int: 25    God:
Gold: 209           SH:  0    Dex: 16    Spells: 4/17 levels left

rFire    . . .     SeeInvis .   e - -3 short sword (curse)
rCold    . . .     Gourm    .   (no shield)
rNeg     . . .     Faith    .   a - +2 robe
rPois    .         Spirit   .   (no helmet)
rElec    .         Reflect  .   (no cloak)
rCorr    .         Harm     .   (no gloves)
MR       .....     Rnd*Tele +   (no boots)
Stlth    +.........             o - amulet of regeneration
HPRegen  0.60/turn              f - ring of teleportation (curse)
MPRegen  0.17/turn              i - ring of loudness (curse)

@: no status effects
A: high mp 1
a: no special abilities


You were on level 7 of the Dungeon.
You were not hungry.

You visited 1 branch of the dungeon, and saw 9 of its levels.

You collected 209 gold pieces.

Inventory:

Hand Weapons
 d - a +1 dagger of venom
 e - a cursed -3 short sword (weapon)
 l - a cursed +0 whip
 r - a +0 spear of piercing
 s - a +1 spear of venom
Armour
 a - a +2 robe (worn)
 k - a +0 ring mail
 z - the +9 scale mail of the Gate {+Fly}
   (You found it on level 7 of the Dungeon)

   It lets you fly.
Jewellery
 f - a cursed ring of teleportation (left hand)
 h - an uncursed amulet of rage
 i - a cursed ring of loudness (right hand)
 o - an amulet of regeneration (around neck)
 q - a +3 ring of dexterity
 x - an uncursed ring of ice {unknown}
 y - an uncursed ring of protection from magic {unknown}
Wands
 j - a wand of paralysis (7)
Scrolls
 b - 2 scrolls of enchant armour
 m - 2 scrolls of noise
 n - a scroll of blinking
Potions
 g - 2 potions of lignification {unknown}
 p - a potion of cancellation
 t - a potion of flight {unknown}
 u - a potion of brilliance {unknown}
 v - a potion of heal wounds
 w - 2 potions of curing
Comestibles
 c - 11 rations
 A - 3 chunks of flesh


   Skills:
 - Level 1.7 Dodging
 - Level 1.7 Stealth
 + Level 4.9 Spellcasting
 * Level 7.2 Conjurations
 * Level 7.7 Fire Magic


You had 4 spell levels left.
You knew the following spells:

 Your Spells              Type           Power        Failure   Level  Hunger
a - Flame Tongue          Conj/Fire      #####        1%          1    None
b - Conjure Flame         Conj/Fire      #####...     1%          3    ##.....
c - Sticky Flame          Conj/Fire      #####...     3%          4    ####...
d - Fireball              Conj/Fire      #####.....   11%         5    #####..


Dungeon Overview and Level Annotations

Branches:
Dungeon (9/15)             Temple (0/1) D:6
   Lair: D:8-11         Orc: D:9-12

Annotations:
D:2 Natasha, Terence
D:4 Paulus's ghost, amateur OpTm


Innate Abilities, Weirdness & Mutations

You have an increased reservoir of magic. (+10% MP)


Message History

Unknown command.
The adder bites you but does no damage.
Unknown command.
The adder barely misses you.
Unknown command.
There is an open door here.
Unknown command.
There is a stone staircase leading up here.
Unknown command.
The phantom closely misses you.
You climb upwards.
The hellwing hits you but does no damage.
The hellwing hits you. The hellwing hits you! x2
* * * LOW HITPOINT WARNING * * *
There is a stone staircase leading down, spattered with blood here.
Unknown command.
Unknown command.
Unknown command.
The phantom closely misses you. The hellwing hits you!
You die...

##.≈≈.≈.#####
#...≈_≈≈##..
#...≈≈≈.##.#####
#..≈≈..≈##......
#########...........(...
#............########)##
#.########<<.# #.# #.#
###############.# #.#
#@...........##.# #.#
#W4..........##.#
##.#####............##.#
#......................#
########...5........####
#####5.......#
#...[##### #....# #....#


You could see a hellwing, a phantom and 2 shadow imps.

Vanquished Creatures
  Pikel (D:5)
  A hippogriff (D:8)
  An orc warrior (D:7)
  A sky beast (D:6)
  An ice beast (D:5)
  3 centaurs
  A necrophage (D:7)
  2 phantoms (D:5)
  2 ogres
  A big kobold (D:9)
  2 scorpions
  2 hounds
  A bullfrog zombie (D:8)
  2 orc priests (D:4)
  A centaur skeleton (D:6)
  A gnoll shaman (D:3)
  2 jellies (D:5)
  An iguana (D:3)
  An orc wizard (D:7)
  2 worker ants
  A hound zombie (D:7)
  A worker ant zombie (D:5)
  9 adders
  8 gnolls
  An ooze (D:5)
  2 adder skeletons (D:4)
  A worm (D:2)
  2 dart slugs
  6 leopard geckos
  10 orcs
  5 bats
  7 goblins
  5 hobgoblins
  2 quokkas (D:5)
  6 frilled lizards
  A jackal zombie (D:5)
  10 kobolds
  6 rats
112 creatures vanquished.

Notes
Turn   | Place    | Note
-------+----------+-------------------------------------------
     0 | D:1      | 4thArraOfDagon the Demigod Fire Elementalist began the quest for the Orb.
     0 | D:1      | Reached XP level 1. HP: 14/14 MP: 5/5
     7 | D:1      | Reached skill level 1 in Conjurations
   155 | D:2      | Reached XP level 2. HP: 17/20 MP: 2/7
   179 | D:2      | n1
   271 | D:2      | Reached XP level 3. HP: 12/26 MP: 0/8
   346 | D:2      | Noticed Natasha
   390 | D:1      | HP: 1/26 [kobold/whip (4)]
   464 | D:1      | p0werm0de: ok gave it up
   469 | D:1      | p0werm0de: sux
   664 | D:1      | 4thArraOfDagon: a litl bit of clutch
   729 | D:2      | Noticed Terence
   736 | D:2      | Learned a level 3 spell: Conjure Flame
  1019 | D:3      | Reached XP level 4. HP: 32/33 MP: 4/10
  1221 | D:3      | Found a snail-covered altar of Cheibriados.
  1282 | D:3      | Reached XP level 5. HP: 26/38 MP: 8/11
  1290 | D:3      | Learned a level 4 spell: Sticky Flame
  1512 | D:4      | Noticed a phantom
  1523 | D:5      | Entered Level 5 of the Dungeon
  1562 | D:5      | Noticed a phantom
  1581 | D:5      | Killed a phantom
  1581 | D:5      | Reached XP level 6. HP: 31/45 MP: 0/13
  1737 | D:4      | Noticed Paulus's ghost (amateur OpTm)
  1761 | D:4      | :O
  1863 | D:5      | Reached skill level 5 in Fire Magic
  1889 | D:5      | Found an ornate altar of the Wu Jian Council.
  1891 | D:5      | Found a hide-covered altar of Uskayaw.
  1946 | D:5      | Reached XP level 7. HP: 30/50 MP: 1/15
  2021 | D:5      | Noticed Pikel
  2039 | D:5      | Killed Pikel
  2039 | D:5      | Reached skill level 5 in Conjurations
  2075 | D:5      | Learned a level 5 spell: Fireball
  2103 | D:6      | Found a white marble altar of Elyvilon.
  2148 | D:6      | Reached XP level 8. HP: 22/57 MP: 8/17
  2166 | D:6      | Found a staircase to the Ecumenical Temple.
  2187 | D:6      | Found a hazy altar of Hepliaklqana.
  2458 | D:7      | Got a jewelled scale mail
  2656 | D:7      | Found a blossoming altar of Fedhas.
  2784 | D:7      | Noticed a hellwing
  2785 | D:7      | Noticed a hellwing
  2942 | D:8      | Identified the +9 scale mail of the Gate {+Fly} (You found it on level 7 of the Dungeon)
  2966 | D:8      | Noticed a hippogriff
  2978 | D:8      | Killed a hippogriff
  2978 | D:8      | Reached XP level 9. HP: 46/60 MP: 0/20
  2988 | D:7      | Slain by a hellwing

Vault maps used:
D:1:      roderic_crossed_star
D:2:      grunt_temple_overflow_holy_war, minmay_heptomino_l4, uniq_natasha,
          uniq_terence
D:3:      kennysheep_slug_shrine
D:4:      zin_treasury, hangedman_abyss_or_decor_stagger
D:5:      nicolae_overflow_hidden_temple, first_ration, uniq_pikel
D:6:      lemuel_round_altar, lemuel_crystal_altar,
          minmay_temple_entry_overgrown
D:7:      cheibrodos_grave_circle, fedhas_altar_2, uniq_prince_ribbit1,
          uniq_duvessa, uniq_menkaure
D:8:      grunt_temple_overflow_champion_of_chaos, lemuel_crystal_altar,
          serial_shops, shop
D:9:      minmay_orc_entry_guard_dogs, hangedman_ranch, xom_teletrap_fun

Skill      XL: |  1  2  3  4  5  6  7  8 |
---------------+-------------------------+-----
Conjurations   | 1 2 3 4 5 7 |  7.2
Fire Magic     | 3 4 5 6 7 |  7.7
Spellcasting   | 2 3 4 |  4.9
Dodging        | |  1.7
Stealth        | |  1.7

Action                   |  1- 3 |  4- 6 |  7- 9 || total
-------------------------+-------+-------+-------++-------
Melee: Short sword       |    41 |    10 |    73 ||   124
 Cast: Flame Tongue      |    77 |    86 |    42 ||   205
       Conjure Flame     |       |     4 |     3 ||     7
       Sticky Flame      |       |     1 |    21 ||    22
Evoke: Wand              |       |     9 |       ||     9
  Use: Potion            |     1 |     1 |       ||     2
       Scroll            |     8 |       |     3 ||    11
 Stab: Paralysed         |       |     2 |       ||     2
  Eat: Chunk             |     1 |     3 |     4 ||     8
       Ration            |       |       |     1 ||     1
Armor: Robe              |    32 |    18 |    39 ||    89
Dodge: Dodged            |    84 |    46 |    73 ||   203

Table legend:
 A = Spawn XP
 B = Non-spawn XP
 C = Spawn XP percentage of total XP
 D = Spawn monster count
 E = Non-spawn monster count
 F = Spawn count percentage of total count
 G = Total turns spent on level
                    A         B        C        D         E        F      G
               +---------+---------+-------+---------+---------+-------+---------
         Total |       0 |    3424 |   0.0 |       0 |     112 |   0.0 |  2988
               +---------+---------+-------+---------+---------+-------+---------
           D:1 |       0 |      16 |   0.0 |       0 |      12 |   0.0 |   353
           D:2 |       0 |      72 |   0.0 |       0 |      21 |   0.0 |   458
           D:3 |       0 |     152 |   0.0 |       0 |      16 |   0.0 |   499
           D:4 |       0 |     187 |   0.0 |       0 |      14 |   0.0 |   291
           D:5 |       0 |    1242 |   0.0 |       0 |      19 |   0.0 |   504
           D:6 |       0 |     444 |   0.0 |       0 |      10 |   0.0 |   470
           D:7 |       0 |     590 |   0.0 |       0 |       8 |   0.0 |   224
           D:8 |       0 |     615 |   0.0 |       0 |       7 |   0.0 |   139
           D:9 |       0 |     106 |   0.0 |       0 |       5 |   0.0 |    50
               +---------+---------+-------+---------+---------+-------+---------
